 Dungeon Crawl Stone Soup version 0.29-a0-322-g68df515428 (webtiles) character file.

Game seed: 6605809620139742507

75 testman the Nimble (level 4, -1/48 HPs)
             Began as a Gnoll Wanderer on Apr 7, 2022.
             Was a Plaything of Xom.
             Slain by a white imp (2 damage)
             ... summoned by Xom
             ... on level 3 of the Dungeon.
             The game lasted 00:14:55 (2762 turns).

testman the Nimble (Gnoll Wanderer)                 Turns: 2762, Time: 00:15:00

Health: -1/48      AC: 22    Str: 11    XL:     4   Next: 31%
Magic:  13/13      EV:  2    Int:  9    God:    Xom [...*..]
Gold:   111        SH:  0    Dex: 22    Spells: 13/17 levels left

rFire   . . .      SeeInvis .   v - +2 quarterstaff (chaos)
rCold   . . .      Faith    .   (shield currently unavailable)
rNeg    . . .      Spirit   .   (body armour currently unavailable)
rPois   +          Reflect  .   (helmet currently unavailable)
rElec   .          Harm     .   (cloak currently unavailable)
rCorr   .          Rampage  .   (gloves currently unavailable)
Will    +....      NoTele   +   (boots currently unavailable)
Stlth   ++........              (no amulet)
HPRegen 0.16/turn               g - ring of willpower
MPRegen 0.13/turn               o - +6 ring of dexterity

@: tree-form
A: stationary, stasis, torment immunity, boosted hp, (fangs 1), strong nose,
distributed training
a: Renounce Religion


You were on level 3 of the Dungeon.
You worshipped Xom.
You were a favourite toy of Xom.
You were a tree.
You visited 1 branch of the dungeon, and saw 3 of its levels.

You collected 111 gold pieces.

Inventory:

Hand Weapons
 a - a +0 dagger
 s - a +3 mace
 t - a +2 mace of protection
 v - a +2 quarterstaff of chaos (weapon)
Missiles
 h - 36 stones
Armour
 d - a +2 leather armour (melded)
 p - a +0 helmet (melded)
 u - a +0 cloak (melded)
Jewellery
 g - a ring of willpower (left branch)
 m - a ring of positive energy
 o - a +6 ring of dexterity (right branch)
Wands
 b - a wand of flame (6)
Scrolls
 f - a scroll of summoning {unknown}
 i - a scroll of magic mapping {unknown}
 j - 3 scrolls of blinking {unknown}
 q - a scroll of immolation {unknown}
 r - a scroll of amnesia {unknown}
Potions
 c - a potion of haste
 k - a potion of curing {unknown}
 l - a potion of berserk rage {unknown}
 n - a potion of degeneration {unknown}


   Skills:
 + Level 1.1 Fighting
 + Level 1.1 Short Blades
 + Level 1.1 Long Blades
 + Level 1.1 Axes
 + Level 1.1 Maces & Flails
 + Level 1.1 Polearms
 + Level 1.1 Staves
 + Level 1.1 Slings
 + Level 1.1 Bows
 + Level 1.1 Crossbows
 + Level 2.7 Throwing
 + Level 1.1 Armour
 + Level 8.5 Dodging
 + Level 1.1 Stealth
 + Level 1.1 Shields
 + Level 1.1 Unarmed Combat
 + Level 7.2 Spellcasting
 + Level 0.8 Conjurations
 + Level 0.8 Hexes
 + Level 2.2 Summonings
 + Level 0.8 Necromancy
 + Level 0.8 Translocations
 + Level 0.8 Transmutations
 + Level 0.8 Fire Magic
 + Level 0.8 Ice Magic
 + Level 0.8 Air Magic
 + Level 0.8 Earth Magic
 + Level 0.8 Poison Magic
 + Level 1.2 Invocations
 + Level 2.7 Evocations


You had 13 spell levels left.
You knew the following spells:

 Your Spells              Type           Power      Damage    Failure   Level
a - Summon Small Mammal   Summ           28%        N/A       8%          1
b - Call Canine Familiar  Summ           7%         N/A       24%         3

Your spell library contained the following spells:

 Spells                   Type           Power      Damage    Failure   Level


Dungeon Overview and Level Annotations

Branches:
Dungeon (3/15)

Altars:
Xom


Innate Abilities, Weirdness & Mutations

You are a tree.
Your roots penetrate the ground, keeping you stationary.
You cannot be teleported.
You are immune to unholy pain and torment.
Your maximum health is greatly increased.
Your equipment is partially melded.
((You have very sharp teeth.))
Your uncanny sense of smell can sniff out nearby items.
Your experience applies equally to all skills.


Message History

The iron imp is moderately wounded.
The iron imp hits you but does no damage.
The crimson imp barely misses you. The white imp closely misses you.
The iron imp hits you.
You thump the iron imp! You freeze the iron imp. You bite the iron imp.
The iron imp is almost dead.
The crimson imp grinds its teeth.
The crimson imp blinks!
The white imp misses you. The iron imp hits you!
The crimson imp closely misses you.
You closely miss the crimson imp.
The iron imp hits you but does no damage.
The white imp barely misses you.
The crimson imp hits you but does no damage.
The iron imp closely misses you.
You closely miss the crimson imp.
The white imp lashes its tail.
The white imp closely misses you. The crimson imp completely misses you.
The iron imp completely misses you. The white imp hits you.
The white imp freezes you. The crimson imp closely misses you.
You hit the iron imp but do no damage.
The iron imp appears confused.
You bite the iron imp.
The iron imp is almost dead.
The crimson imp misses you. The white imp barely misses you.
The iron imp misses the white imp.
The white imp gestures at you. The puff of frost hits you!
* * * LOW HITPOINT WARNING * * *
The crimson imp attacks as you move away!
The crimson imp barely misses you.
The crimson imp blinks!
You hit the iron imp but do no damage.
You bite the iron imp, but do no damage.
The iron imp is almost dead.
It was a potion of lignification.
You turn into a tree.
Your +0 cloak melds into your body.
Your +0 helmet melds into your body.
Your +2 leather armour melds into your body.
Your roots penetrate the ground.
The white imp hits you.
* * * LOW HITPOINT WARNING * * *
The white imp freezes you.
You die... "Huh?
Did I miss anything?"

.. ∆ #.
#. #. #.
#. #####
#.##...#
#.♣5.#.#
####...#
##5##
####<#
#....#
#....#
#...##
##.##
#.#


You could see an iron imp (summoned, fast, confused) and a white imp (summoned).

Vanquished Creatures
  Crazy Yiuf (D:2)
  An adder (D:2)
  2 endoplasms
  3 goblins
  4 hobgoblins
  8 jackals
  2 kobolds (D:1)
  A quokka (D:1)
  4 ball pythons
  3 bats (D:1)
  2 frilled lizards (D:1)
  3 rats
34 creatures vanquished.

Notes
Turn   | Place    | Note
-------+----------+-------------------------------------------
     0 | D:1      | testman the Gnoll Wanderer began the quest for the Orb.
     0 | D:1      | testman set off with the following items: a +0 dagger, a
                  | wand of flame (6), a potion of haste, a +2 leather armour;
                  | and the following spell memorised: Summon Small Mammal; and
                  | the following spells available to memorise: Call Canine
                  | Familiar
     0 | D:1      | Reached XP level 1. HP: 13/13 MP: 8/8
   387 | D:1      | Reached XP level 2. HP: 19/19 MP: 10/10
  1728 | D:2      | Reached XP level 3. HP: 20/25 MP: 11/11
  1732 | D:2      | Learned a level 3 spell: Call Canine Familiar
  2132 | D:2      | Found a faded altar of an unknown god.
  2158 | D:2      | Prayed at the altar of an unknown god.
  2158 | D:2      | Became a worshipper of Xom of Many Doors
  2299 | D:2      | Found a runed translucent door.
  2300 | D:2      | Noticed Crazy Yiuf
  2307 | D:2      | XOM: butterfly on damage
  2318 | D:2      | Killed Crazy Yiuf
  2319 | D:2      | Reached skill level 1 in Fighting
  2319 | D:2      | Reached skill level 1 in Short Blades
  2319 | D:2      | Reached skill level 1 in Long Blades
  2319 | D:2      | Reached skill level 1 in Axes
  2319 | D:2      | Reached skill level 1 in Maces & Flails
  2319 | D:2      | Reached skill level 1 in Polearms
  2319 | D:2      | Reached skill level 1 in Staves
  2319 | D:2      | Reached skill level 1 in Slings
  2319 | D:2      | Reached skill level 1 in Bows
  2319 | D:2      | Reached skill level 1 in Crossbows
  2319 | D:2      | Reached skill level 1 in Armour
  2319 | D:2      | Reached skill level 1 in Stealth
  2319 | D:2      | Reached skill level 1 in Shields
  2319 | D:2      | Reached skill level 1 in Unarmed Combat
  2319 | D:2      | Reached skill level 1 in Invocations
  2319 | D:2      | Reached XP level 4. HP: 13/32 MP: 5/13
  2391 | D:2      | XOM: cloud trail
  2559 | D:2      | XOM: cloud trail
  2751 | D:3      | XOM: summons 3 hostile demons
  2762 | D:3      | HP: 1/48 [white imp[Xom] (3)]
  2762 | D:3      | Slain by a white imp

Illustrated notes

Levels and vault maps discovered:
D:1:      lightli_arrival_isolated_outpost, layout_loops_corners,
          serial_aquarium, aquarium_bridge_square [aquarium_subvault_wall,
          aquarium_subvault_bridge, aquarium_subvault_window,
          aquarium_subvault_balcony], aquarium_window_corridor_3,
          aquarium_window_corner, aquarium_window_1, aquarium_window_2,
          aquarium_view_4
D:2:      layout_basic, hellmonk_ecumenical_altar_dog_temple,
          uniq_crazy_yiuf_cottage
D:3:      layout_loops_ring, nicolae_uskayaw_dance_hall,
          dreamdust_princess_bridge, grunt_ministairs_9, supply_closet_lemuel,
          serial_park_tiny_2, kennysheep_generic_room_16, uniq_robin,
          uniq_terence

Skill      XL: |  1  2  3 |
---------------+----------+-----
Summonings     | 2 |  2.2
Fighting       | 1 |  1.1
Short Blades   | 1 |  1.1
Long Blades    | 1 |  1.1
Axes           | 1 |  1.1
Maces & Flails | 1 |  1.1
Polearms       | 1 |  1.1
Staves         | 1 |  1.1
Slings         | 1 |  1.1
Bows           | 1 |  1.1
Crossbows      | 1 |  1.1
Armour         | 1 |  1.1
Stealth        | 1 |  1.1
Shields        | 1 |  1.1
Unarmed Combat | 1 |  1.1
Invocations    | 1 |  1.2
Throwing       | |  2.7
Dodging        | |  8.5
Spellcasting   | |  7.2
Conjurations   | |  0.8
Hexes          | |  0.8
Necromancy     | |  0.8
Translocations | |  0.8
Transmutations | |  0.8
Fire Magic     | |  0.8
Ice Magic      | |  0.8
Air Magic      | |  0.8
Earth Magic    | |  0.8
Poison Magic   | |  0.8
Evocations     | |  2.7

Action                   |  1- 3 |  4- 6 || total
-------------------------+-------+-------++-------
Melee: Dagger            |   196 |       ||   196
       Bite              |    20 |     4 ||    24
       Punch             |     1 |       ||     1
       Mace              |     5 |       ||     5
       Quarterstaff      |       |    10 ||    10
 Cast: Summon Small Mamm |     1 |       ||     1
       Call Canine Famil |     1 |       ||     1
  Use: Potion            |       |     1 ||     1
 Stab: Sleeping          |     1 |     1 ||     2
Armor: Leather armour    |    60 |     3 ||    63
Dodge: Dodged            |   162 |    17 ||   179

Table legend: (Time is in decaauts)
 A = Elapsed time spent in this place.
 B = Non-inter-level travel time spent in this place.
 C = Inter-level travel time spent in this place.
 D = Time resting spent in this place.
 E = Time spent auto-exploring this place.
 F = Levels seen in this place.
 G = Mean time per level.
                   A        B        C        D        E       F      G
               +--------+--------+--------+--------+--------+-----+--------+
         Total |   2762 |   2691 |     71 |    210 |   2057 |   3 |  920.7 |
       Dungeon |   2762 |   2691 |     71 |    210 |   2057 |   3 |  920.7 |
               +--------+--------+--------+--------+--------+-----+--------+

Top non-repeatable levels by time:
     D:1: 1711 daAuts
     D:2: 1022 daAuts
     D:3: 28 daAuts
